 Dungeon Crawl Stone Soup version 0.24-a0-219-g9656df7 (webtiles) character file.

Game seed: 18380382376167524400

16193 Firecrotchwizard the Geomancer (level 12, -14/76 HPs)
             Began as a Gargoyle Earth Elementalist on Mar 30, 2019.
             Was an Elder of Vehumet.
             Killed from afar by a molten gargoyle (21 damage)
             ... with a bolt of magma
             ... in a Gauntlet on Mar 31, 2019.
             The game lasted 00:52:50 (17631 turns).

Firecrotchwizard the Geomancer (GrEE)              Turns: 17631, Time: 00:52:50

Health: -14/76     AC: 21    Str: 12    XL:     12   Next: 34%
Magic:  4/19       EV: 10    Int: 21    God:    Vehumet [****..]
Gold:   176        SH:  4    Dex: 10    Spells: 11/20 levels left

rFire    + . .     SeeInvis .   B - +2 morningstar (crush)
rCold    . . .     Gourm    .   p - +0 buckler
rNeg     + + .     Faith    .   L - +0 ring mail
rPois    ∞         Spirit   .   k - +1 helmet
rElec    +         Reflect  .   x - scarf {repulsion}
rCorr    .         Harm     .   s - +0 pair of gloves
MR       .....     NoTele   +   I - +0 pair of boots
Stlth    ++........             M - amulet "Hyedeq" {RegenMP rF+ rN+}
HPRegen  0.22/turn              (no ring)
MPRegen  0.41/turn              (no ring)

@: repel missiles
A: negative energy resistance 1, electricity resistance, unbreathing,
petrification resistance, rot immunity, AC +8
a: Renounce Religion


You were in a Gauntlet.
You worshipped Vehumet.
Vehumet was greatly pleased with you.
You were not hungry.

You visited 3 branches of the dungeon, and saw 13 of its levels.
You also visited: Gauntlet.

You collected 754 gold pieces.
You spent 578 gold pieces at shops.

Inventory:

Hand Weapons
 a - a +0 club
   (You took it off a hobgoblin on level 1 of the Dungeon)
 c - a +2 flail of protection
   (You took it off an orc priest on level 8 of the Dungeon)
 e - a +0 dagger of venom
   (You took it off a kobold on level 2 of the Dungeon)
 v - a +5 club
   (You took it off Jessica on level 3 of the Dungeon)
 B - a +2 morningstar of crushing (weapon)
   (You found it on level 5 of the Dungeon)
 G - a +2 mace of protection
   (You took it off an orc on level 7 of the Dungeon)
Missiles
 b - 125 stones (quivered)
 g - 170 sling bullets
 y - 5 throwing nets {=f, !d}
Armour
 k - a +1 helmet (worn)
   (You found it on level 1 of the Dungeon)
 p - a +0 buckler (worn)
   (You found it on level 2 of the Dungeon)
 s - a +0 pair of gloves (worn)
   (You found it on level 3 of the Dungeon)
 x - a scarf of repulsion (worn)
   (You found it on level 5 of the Dungeon)
 I - a +0 pair of boots (worn)
   (You found it on level 7 of the Dungeon)
 L - a +0 ring mail (worn)
   (You found it on level 8 of the Dungeon)
Magical Staves
 T - an uncursed staff of death {rN+}
   (You found it on level 11 of the Dungeon)
Jewellery
 M - the amulet "Hyedeq" (around neck) {RegenMP rF+ rN+}
   (You bought it in a shop on level 6 of the Dungeon)

   [amulet of magic regeneration]

   It increases your magic regeneration.
   It protects you from fire.
   It protects you from negative energy.
 X - an uncursed amulet of guardian spirit {Spirit}
   (You found it in a Gauntlet)
Wands
 t - a wand of iceblast (7)
   (You took it off Ijyb on level 3 of the Dungeon)
 A - a wand of acid (10)
   (You found it on level 4 of the Dungeon)
 N - a wand of scattershot (4)
   (You found it on level 10 of the Dungeon)
 O - a wand of polymorph (8)
   (You found it on level 10 of the Dungeon)
 S - a wand of enslavement (11)
   (You found it on level 11 of the Dungeon)
Scrolls
 h - 2 scrolls of random uselessness
 i - 6 scrolls of teleportation
 j - 3 scrolls of enchant armour
 l - a scroll of vulnerability {unknown}
 m - a scroll of enchant weapon {unknown}
 n - 3 scrolls of immolation {!r}
 q - 10 scrolls of remove curse
 r - 11 scrolls of identify
 D - 2 scrolls of fear
 J - a scroll of magic mapping {unknown}
 P - a scroll of blinking {unknown}
 Q - a scroll of amnesia {unknown}
 R - 3 scrolls of brand weapon
 U - a scroll of summoning {unknown}
 V - a scroll of silence {unknown}
 W - a scroll of noise {unknown}
Potions
 f - 3 potions of cancellation {unknown}
 o - 3 potions of heal wounds {unknown}
 u - 5 potions of haste
 w - a potion of ambrosia {unknown}
 z - a potion of flight {unknown}
 C - 3 potions of curing {unknown}
 E - 2 potions of resistance {unknown}
 F - 2 potions of mutation {!q}
 H - 3 potions of brilliance {unknown}
 K - a potion of magic {unknown}
Comestibles
 d - 14 rations


   Skills:
 - Level 9.0 Fighting
 + Level 4.9 Maces & Flails
 - Level 9.1 Armour
 - Level 1.5 Dodging
 - Level 6.0 Stealth
 - Level 4.3 Shields
 - Level 4.9 Spellcasting
 - Level 10.4 Conjurations
   Level 0.7 Transmutations
 - Level 11.0 Earth Magic


You had 11 spell levels left.
You knew the following spells:

 Your Spells              Type           Power        Failure   Level  Hunger
a - Sandblast             Erth           ######       1%          1    None
x - Stone Arrow           Conj/Erth      ######       1%          3    ##.....
z - Lee's Rapid Deconstr  Erth           ######....   1%          5    #####..

Your spell library contained the following spells:

 Spells                   Type           Power        Failure   Level  Hunger
 Fulminant Prism          Conj/Hex       ####......   7%          4    ####...
 Shock                    Conj/Air       ####         1%          1    None
 Passwall                 Tmut/Erth      ####....     2%          2    None
 Static Discharge         Conj/Air       ####....     2%          3    ##.....
 Lightning Bolt           Conj/Air       ####......   17%         5    #####..
 Petrify                  Tmut/Erth      ####....     19%         4    ####...
 Swiftness                Chrm/Air       #.......     32%         2    None
 Airstrike                Air            #.........   45%         4    ####...
 Conjure Ball Lightning   Conj/Air       ####......   65%         6    #######
 Summon Lightning Spire   Summ/Air       #.......     91%         4    ####...
 Silence                  Hex/Air        #.........   99%         5    #####..
 Deflect Missiles         Chrm/Air       #.........   100%        6    #######
 Tornado                  Air            #.........   100%        9    #######


Dungeon Overview and Level Annotations

Branches:
Dungeon (11/15)            Temple (1/1) D:7            Lair (1/6) D:11
    Orc (0/2) D:11

Altars:
Ashenzari
Cheibriados
Dithmenos
Elyvilon
Fedhas
Gozag
Nemelex Xobeh
Qazlal
Ru
Sif Muna
Trog
Uskayaw
Vehumet
Xom
Yredelemnul
The Shining One

Shops:
D:6 =

Annotations:
Gauntlet 12 transporters


Innate Abilities, Weirdness & Mutations

You are resistant to torment.
Your stone body is resilient. (AC +8)
You are immune to poison.
You resist negative energy. (rN+)
You are resistant to electric shocks. (rElec)
You can survive without breathing.
You are immune to petrification.
You are immune to rotting.


Message History

You kill the hornet!
Vehumet accepts your kill.
You now have 11/19 mp.
You start resting.
You are starving!
You regained 2 hp, and now have 71/76 hp.
You regained 4 mp, and now have 15/19 mp.
You eat one of the 15 rations.
That ration really hit the spot!
R - 3 scrolls of brand weapon (gained 1) MP restored: 19
j - 3 scrolls of enchant armour (gained 1)
There is a transporter here.
You enter the transporter and appear at another place.
Health restored: 76 The catoblepas bellows!
There is a transporter here.
The cacodemon shouts!
The floor.
There is a transporter here.
You enter the transporter and appear at another place.
The catoblepas breathes a plume of calcifying dust at you.
The blast of calcifying dust hits you but does no damage.
A catoblepas is nearby!
Aim: a catoblepas (calcifying dust)
Okay, then.
Aim: a catoblepas (calcifying dust)
The stone arrow hits the catoblepas!
The catoblepas breathes a plume of calcifying dust at you.
The blast of calcifying dust hits you but does no damage.
You now have 16/19 mp.
Aim: a catoblepas (calcifying dust, lightly wounded)
The stone arrow hits the catoblepas.
You now have 14/19 mp.
Aim: a catoblepas (calcifying dust, moderately wounded)
Okay, then.
Okay, then.
Aim: a catoblepas (calcifying dust, moderately wounded)
The blast of sand hits the catoblepas.
b - 127 stones The catoblepas gores you.
The gargoyle hits you but does no damage.
You take 4 damage, and have 72/76 hp.
You now have 13/19 mp.
Aim: a catoblepas (calcifying dust, moderately wounded)
The blast of sand hits the catoblepas but does no damage.
b - 126 stones The catoblepas gores you.
The gargoyle hits you but does no damage.
You take 3 damage, and have 69/76 hp.
Aim: a catoblepas (calcifying dust, moderately wounded)
The blast of sand hits the catoblepas!!
b - 125 stones The catoblepas breathes a plume of calcifying dust at you.
The blast of calcifying dust hits you but does no damage.
The molten gargoyle hits you with a +0 mace.
You are engulfed in flames.
You resist.
The gargoyle enters a dispersal trap!
The molten gargoyle blinks!
The molten gargoyle drops a net on you. A large net falls onto you!
You become entangled in the net!
The catoblepas blinks!
You blink.
The gargoyle blinks!
You take 10 damage, and have 59/76 hp.
You now have 12/19 mp.
The catoblepas enters a dispersal trap!
The gargoyle blinks!
You blink.
A large net falls onto you!
You become entangled in the net!
The catoblepas blinks!
You see here a throwing net {=f, !d}.
You tear a large gash into the net.
Unknown command.
You struggle against the net.
The molten gargoyle hits you with a +0 mace!
You are engulfed in flames.
You resist.
You take 11 damage, and have 49/76 hp.
Unknown command.
You rip the net and break free!
Aim: a molten gargoyle, wielding a +0 mace The stone arrow hits the molten gargoyle!
The molten gargoyle blasts magma at you!
The bolt of magma hits you! You partially resist.
You take 11 damage, and have 38/76 hp.
You now have 11/19 mp.
Aim: a molten gargoyle, wielding a +0 mace (moderately damaged)
The stone arrow hits the molten gargoyle.
The molten gargoyle blasts magma at you!
The bolt of magma hits you! You partially resist.
* * * LOW HITPOINT WARNING * * *
You take 16 damage, and have 22/76 hp.
MASSIVE DAMAGE!!
You now have 9/19 mp.
A metal wall.
The metal wall shatters!
The blast of metal fragments hits the molten gargoyle! x2
The molten gargoyle blasts magma at you!
The bolt of magma hits you! You partially resist.
* * * LOW HITPOINT WARNING * * *
The molten gargoyle blasts magma at you!
The bolt of magma hits the molten gargoyle.
The molten gargoyle partially resists.
The bolt of magma hits you!! You partially resist.
You die...

.###########.###########.########
.#..).©[!..#.#..?=©?...#.##.$.©=!
.#.#.#.#.#.#.##^##.##^##.#.#.....
.#..#.#.#..#.##.##.##.##.#s.#...#
.#.#.#.#.#.#.##....#(9.#.#s..#.#.
.#..#.©.#..#.###.##Y##§#.#Z...#..
.#.#.#.#.#.#.###.#9.##©#.#Z..#©#.
.#..#.#.#..#.#...#9.^.##.#..#...#
.#.#.#.#.#.#.#.#@9##.###.#.#.....
.#........2#.#.##.##.###.##...Z..
.################################
.....#©...........©...........©#≈
≈....#############.##############
###..............#.#§§8§≈#©......
#8#..............#.##############
###############..#.#.........#.#.
#8# #8# #8#..#.#..##.##..#.#.


You could see a catoblepas, 2 molten gargoyles and 2 gargoyles.

Vanquished Creatures
  Harold (D:7)
  2 two-headed ogres
  Urug (D:11)
  A queen ant (Gauntlet)
  Pikel (D:4)
  An ugly thing (D:11)
  A manticore (D:8)
  Joseph (D:7)
  2 spiny frogs (Lair:1)
  3 hornets
  3 trolls (D:10)
  2 hippogriffs
  Sigmund (D:6)
  3 wyverns
  6 yaks
  A basilisk (Lair:1)
  Menkaure (D:7)
  4 wargs (D:11)
  6 soldier ants (Gauntlet)
  An eye of draining (D:11)
  10 orc warriors
  A phantom (D:10)
  A slave (D:4)
  4 sky beasts
  A necrophage (D:9)
  5 centaurs
  8 ogres
  2 crocodiles
  A big kobold (D:9)
  Blork the orc (D:4)
  4 bullfrogs
  A wyvern skeleton (D:11)
  2 scorpions
  A water moccasin skeleton (D:8)
  9 killer bees
  4 howler monkeys
  2 bullfrog zombies
  8 crimson imps
  2 centaur zombies
  A bullfrog skeleton (D:11)
  A centaur skeleton (D:5)
  9 hounds
  3 jellies
  2 quasits
  17 orc priests
  2 gnoll shamans (D:8)
  4 iguanas
  Jessica (D:3)
  Ijyb (D:3)
  Natasha (twice) (D:2)
  10 orc wizards
  10 worker ants
  2 hound zombies
  A human simulacrum (D:9)
  2 hound skeletons
  11 gnolls
  12 adders
  2 howler monkey skeletons
  A shadow imp (D:6)
  2 oozes
  An adder zombie (D:8)
  3 worms
  4 dart slugs
  9 leopard geckos
  46 orcs
  5 giant cockroaches
  12 goblins
  18 hobgoblins
  12 jackals
  21 kobolds
  6 quokkas
  3 ball pythons
  A ball python skeleton (D:5)
  12 bats
  4 frilled lizards
  A quokka skeleton (D:5)
  A quokka zombie (D:7)
  8 rats
372 creatures vanquished.

Vanquished Creatures (others)
  5 dream sheep (D:5)
  A worker ant (D:4)
  A human simulacrum (D:9)
  An adder (D:4)
  A howler monkey skeleton (D:4)
  A frilled lizard (D:4)
  A demonic plant (Gauntlet)
11 creatures vanquished.

Grand Total: 383 creatures vanquished

Notes
Turn   | Place    | Note
-------+----------+-------------------------------------------
     0 | D:1      | Firecrotchwizard the Gargoyle Earth Elementalist began the
                  | quest for the Orb.
     0 | D:1      | Reached XP level 1. HP: 10/10 MP: 3/3
    80 | D:1      | Reached skill level 4 in Earth Magic
   120 | D:1      | Reached XP level 2. HP: 15/15 MP: 5/5
   150 | D:1      | Found a shattered altar of Ashenzari.
  1197 | D:1      | Reached XP level 3. HP: 13/19 MP: 6/6
  1298 | D:1      | Learned a level 3 spell: Stone Arrow
  1460 | D:2      | Noticed Natasha
  1703 | D:2      | Killed Natasha
  1703 | D:2      | Reached skill level 1 in Conjurations
  1703 | D:2      | Reached XP level 4. HP: 24/24 MP: 3/7
  1857 | D:2      | Reached skill level 5 in Earth Magic
  2106 | D:2      | Noticed a +3 hand axe
  2106 | D:2      | Noticed a +0 hand axe
  2108 | D:2      | Found a hide-covered altar of Uskayaw.
  2113 | D:2      | Reached skill level 2 in Conjurations
  2180 | D:2      | Noticed Natasha
  2185 | D:2      | Killed Natasha
  2185 | D:2      | Reached XP level 5. HP: 28/28 MP: 7/9
  2324 | D:2      | Reached skill level 3 in Spellcasting
  2721 | D:3      | Reached skill level 3 in Conjurations
  3124 | D:3      | Reached XP level 6. HP: 15/32 MP: 4/10
  3361 | D:3      | Noticed Ijyb
  3364 | D:3      | Killed Ijyb
  3562 | D:3      | Noticed Jessica
  3571 | D:3      | Killed Jessica
  3571 | D:3      | Reached skill level 4 in Conjurations
  3597 | D:3      | Found a shadowy altar of Dithmenos.
  4098 | D:3      | Found a blossoming altar of Fedhas.
  4208 | D:4      | Noticed a slave
  4223 | D:4      | Reached skill level 6 in Earth Magic
  4273 | D:4      | Learned a level 5 spell: Lee's Rapid Deconstruction
  4327 | D:4      | Reached XP level 7. HP: 32/36 MP: 12/12
  4342 | D:4      | Noticed Blork the orc
  4348 | D:4      | Killed Blork the orc
  4348 | D:4      | Reached skill level 5 in Conjurations
  4704 | D:4      | Noticed Pikel
  4711 | D:4      | Killed Pikel
  4711 | D:4      | Reached skill level 4 in Spellcasting
  4711 | D:4      | Reached skill level 6 in Conjurations
  4711 | D:4      | Reached skill level 7 in Earth Magic
  4711 | D:4      | Reached XP level 8. HP: 29/41 MP: 5/14
  5324 | D:4      | Reached skill level 7 in Conjurations
  5709 | D:5      | Entered Level 5 of the Dungeon
  5965 | D:5      | Reached skill level 1 in Shields
  6115 | D:5      | Noticed a dream sheep
  6115 | D:5      | Noticed a dream sheep
  6115 | D:5      | Noticed a dream sheep
  6115 | D:5      | Noticed a dream sheep
  6115 | D:5      | Noticed a dream sheep
  6115 | D:5      | Found a shimmering altar of Xom.
  6121 | D:5      | Killed a dream sheep
  6121 | D:5      | Killed a dream sheep
  6121 | D:5      | Killed a dream sheep
  6121 | D:5      | Killed a dream sheep
  6121 | D:5      | Killed a dream sheep
  6676 | D:5      | Reached skill level 2 in Shields
  7248 | D:6      | Reached skill level 3 in Shields
  7266 | D:6      | Reached skill level 8 in Earth Magic
  7266 | D:6      | Reached XP level 9. HP: 35/45 MP: 11/16
  7352 | D:6      | Noticed Sigmund
  7539 | D:6      | Found Deilawi's Jewellery Boutique.
  7761 | D:6      | Killed Sigmund
  7761 | D:6      | Reached skill level 4 in Shields
  8062 | D:7      | Noticed Joseph
  8091 | D:7      | Killed Joseph
  8091 | D:7      | Reached skill level 8 in Conjurations
  8091 | D:7      | HP: 11/45 [orc priest/divine providence (16)]
  8420 | D:7      | Noticed Harold
  8431 | D:6      | Reached skill level 9 in Earth Magic
  8634 | D:6      | HP: 8/45 [orc priest/divine providence (13)]
  8989 | D:6      | Reached skill level 9 in Conjurations
  9414 | D:7      | HP: 9/45 [Harold/+0 glaive (14)]
  9415 | D:7      | Killed Harold
  9415 | D:7      | Reached skill level 10 in Conjurations
  9415 | D:7      | Reached skill level 10 in Earth Magic
  9415 | D:7      | Reached XP level 10. HP: 10/50 MP: 8/17
  9452 | D:7      | HP: 10/50 [killer bee (3)]
  9458 | D:7      | HP: 7/50 [killer bee (1)]
  9795 | D:7      | Noticed Menkaure
  9956 | D:7      | Killed Menkaure
 10029 | D:7      | Found a staircase to the Ecumenical Temple.
 10038 | Temple   | Entered the Ecumenical Temple
 10060 | Temple   | Became a worshipper of Vehumet
 10120 | D:7      | Found a deep blue altar of Sif Muna.
 10129 | D:7      | Reached skill level 11 in Earth Magic
 10409 | D:8      | Reached skill level 1 in Fighting
 10409 | D:8      | Reached skill level 1 in Armour
 10441 | D:8      | Reached skill level 2 in Fighting
 10441 | D:8      | Reached skill level 2 in Armour
 10896 | D:7      | Reached skill level 3 in Fighting
 10896 | D:7      | Reached skill level 3 in Armour
 11055 | D:8      | Reached * piety under Vehumet
 11055 | D:8      | Offered knowledge of Shock by Vehumet.
 11398 | D:8      | Noticed a two-headed ogre
 11401 | D:8      | Killed a two-headed ogre
 11401 | D:8      | Reached skill level 4 in Fighting
 11401 | D:8      | Reached skill level 4 in Armour
 11436 | D:8      | Reached skill level 5 in Fighting
 11436 | D:8      | Reached skill level 5 in Armour
 11552 | D:8      | Noticed a manticore
 11556 | D:8      | Killed a manticore
 11556 | D:8      | Reached XP level 11. HP: 64/64 MP: 9/18
 11991 | D:8      | Reached ** piety under Vehumet
 11991 | D:8      | Offered knowledge of Magic Dart by Vehumet.
 12102 | D:8      | Reached skill level 6 in Armour
 12321 | D:8      | Found a sacrificial altar of Ru.
 12325 | D:8      | Reached skill level 6 in Fighting
 12489 | D:8      | Reached skill level 3 in Stealth
 13949 | D:9      | Found a basalt altar of Yredelemnul.
 14176 | D:9      | Offered knowledge of Throw Frost by Vehumet.
 14276 | D:10     | Entered Level 10 of the Dungeon
 14289 | D:10     | Reached skill level 4 in Stealth
 14504 | D:10     | Reached skill level 7 in Fighting
 14504 | D:10     | Reached skill level 7 in Armour
 14508 | D:10     | Reached skill level 5 in Stealth
 14515 | D:10     | Reached *** piety under Vehumet
 15070 | D:6      | Bought the amulet "Hyedeq" {RegenMP rF+ rN+} for 578 gold
                  | pieces
 15497 | D:11     | Noticed a two-headed ogre
 15504 | D:11     | Killed a two-headed ogre
 15504 | D:11     | Reached skill level 6 in Stealth
 15634 | D:11     | Found a staircase to the Lair.
 15730 | D:11     | Reached skill level 8 in Armour
 15749 | D:11     | Reached skill level 8 in Fighting
 15757 | D:11     | Offered knowledge of Fulminant Prism by Vehumet.
 15854 | D:11     | Noticed Urug
 15872 | D:11     | Killed Urug
 16107 | D:11     | Reached XP level 12. HP: 75/75 MP: 16/19
 16154 | D:11     | Found a staircase to the Orcish Mines.
 16595 | D:11     | Found a bloodstained altar of Trog.
 16606 | D:11     | Reached skill level 9 in Fighting
 16606 | D:11     | Reached skill level 9 in Armour
 16864 | Lair:1   | Entered Level 1 of the Lair of Beasts
 16905 | Lair:1   | Reached skill level 1 in Maces & Flails
 16992 | Lair:1   | Reached skill level 2 in Maces & Flails
 17056 | Lair:1   | Found a gate leading to a gauntlet.
 17064 | Gauntlet | Entered a Gauntlet
 17064 | Gauntlet | Found a transporter.
 17080 | Gauntlet | Found a transporter.
 17090 | Gauntlet | Found a transporter.
 17095 | Gauntlet | Found a transporter.
 17109 | Gauntlet | Noticed a hell hog
 17110 | Gauntlet | Found a transporter.
 17129 | Gauntlet | Found a transporter.
 17129 | Gauntlet | Noticed a wretched star
 17141 | Gauntlet | Found a transporter.
 17156 | Gauntlet | Noticed a death scarab
 17159 | Gauntlet | Found a transporter.
 17160 | Gauntlet | Noticed a death scarab
 17171 | Gauntlet | Found a transporter.
 17171 | Gauntlet | Noticed a catoblepas
 17183 | Gauntlet | Found a transporter.
 17183 | Gauntlet | Noticed a cacodemon
 17200 | Gauntlet | Found a transporter.
 17217 | Gauntlet | Found a transporter.
 17219 | Gauntlet | Found a transporter.
 17243 | Gauntlet | Noticed a queen ant
 17244 | Gauntlet | Found a transporter.
 17246 | Gauntlet | Found a transporter.
 17248 | Gauntlet | Found a transporter.
 17275 | Gauntlet | Killed a queen ant
 17275 | Gauntlet | Reached skill level 3 in Maces & Flails
 17288 | Gauntlet | Reached **** piety under Vehumet
 17317 | Gauntlet | Reached skill level 4 in Maces & Flails
 17331 | Gauntlet | Found a transporter.
 17631 | Gauntlet | HP: 7/76 [molten gargoyle/bolt of magma (15)]
 17631 | Gauntlet | Killed from afar by a molten gargoyle

Levels and vault maps discovered:
D:1:      minmay_arrival_four_circles, layout_loops_ring, minivault_14,
          corexii_item_surrounded_by_moat, nicolae_ashenzari_panopticon
D:2:      layout_basic, dancing_weapons_uskayaw, first_ration,
          item_on_display_a, uniq_natasha
D:3:      layout_loops_ring, fedhas_altar_fruit_tree,
          nicolae_dithmenos_through_a_glass_darkly, minmay_mini_jars, uniq_ijyb,
          uniq_jessica
D:4:      layout_basic, serial_curves, eino_curves_03, eino_curves_01,
          uniq_pikel, uniq_blork_the_orc
D:5:      layout_basic, kb_xom_exploding_sheep
D:6:      layout_rooms, serial_shops, kennysheep_little_box, roderic_lattice_a,
          uniq_sigmund
D:7:      layout_rooms, lemuel_crystal_altar, minmay_temple_entry_proselytizer,
          uniq_joseph, uniq_menkaure, uniq_harold
D:8:      kennysheep_housing_project, layout_loops_ring,
          nicolae_ru_great_annihilating_truth, special_room [special_room_orc]
D:9:      layout_basic, lemuel_coloured_pillars_altar, bh_circular_ruins
D:10:     layout_basic, grunt_pizzeria
D:11:     layout_roguey, erik_lair_orcish_takeover, david_orc_1_choice,
          basic_altar, uniq_urug
Temple:   regret_index_temple_waves
Lair:1:   layout_chaotic_city, gauntlet_entry_generic, grunt_megastairs_4
Gauntlet: gammafunk_gauntlet_one_two_three [nicolae_gauntlet_arena_t_cross,
          gammafunk_gauntlet_arena_chambers, nicolae_gauntlet_arena_quarters,
          gammafunk_gauntlet_arena_split_diamond,
          gammafunk_gauntlet_arena_mazey, nicolae_gauntlet_arena_grate_2,
          nicolae_gauntlet_arena_x, gammafunk_gauntlet_arena_crates,
          gammafunk_gauntlet_arena_grid, nicolae_gauntlet_exit_dead_adventurers]

Skill      XL: |  1  2  3  4  5  6  7  8  9 10 11 12 |
---------------+-------------------------------------+-----
Earth Magic    | 4 5 6 7 8 10 11 | 11.0
Conjurations   | 1 2 3 4 6 7 10 | 10.4
Spellcasting   | 3 4 |  4.9
Shields        | 3 4 |  4.3
Fighting       | 5 8 9 |  9.0
Armour         | 5 8 9 |  9.1
Stealth        | 6 |  6.0
Maces & Flails | 4 |  4.9
Dodging        | |  1.5
Transmutations | |  0.7

Action                   |  1- 3 |  4- 6 |  7- 9 | 10-12 || total
-------------------------+-------+-------+-------+-------++-------
Melee: Club              |   129 |    62 |   252 |       ||   443
       Unarmed           |     1 |       |       |       ||     1
       Dagger            |       |   224 |       |       ||   224
       Morningstar       |       |       |    14 |    45 ||    59
       Mace              |       |       |    36 |   342 ||   378
       Flail             |       |       |       |   277 ||   277
Throw: Stone             |     5 |     3 |    24 |     4 ||    36
 Cast: Sandblast         |    15 |    20 |    86 |    92 ||   213
       Stone Arrow       |       |       |       |   107 ||   107
       Lee's Rapid Decon |       |       |       |    17 ||    17
Evoke: Wand              |       |       |       |     8 ||     8
  Use: Potion            |     2 |       |       |       ||     2
       Scroll            |       |     3 |     2 |     7 ||    12
 Stab: Sleeping          |     1 |     5 |     3 |     4 ||    13
       Paralysed         |       |       |       |     1 ||     1
  Eat: Chunk             |     3 |     9 |    13 |    25 ||    50
       Ration            |       |       |     1 |     4 ||     5
Armor: Robe              |    62 |   115 |   183 |   160 ||   520
       Ring mail         |       |       |       |   333 ||   333
Dodge: Dodged            |   102 |   205 |   231 |   465 ||  1003
       Deflected         |       |       |    10 |     7 ||    17
Block: Buckler           |       |       |    64 |   174 ||   238

Table legend:
 A = Non-vault XP
 B = Vault XP
 C = Vault XP percentage of total XP
 D = Non-vault monster count
 E = Vault monster count
 F = Vault count percentage of total count
                 A         B        C        D         E       F
            +---------+---------+-------+---------+---------+-------
      Total |   14069 |    9065 |  39.2 |     264 |     107 |  28.8
            +---------+---------+-------+---------+---------+-------
        D:1 |      48 |       0 |   0.0 |      24 |       0 |   0.0
        D:2 |     133 |      36 |  21.3 |      30 |       1 |   3.2
        D:3 |     163 |      95 |  36.8 |      38 |      12 |  24.0
        D:4 |     479 |     732 |  60.4 |      17 |       2 |  10.5
        D:5 |     449 |       0 |   0.0 |      20 |       0 |   0.0
        D:6 |     925 |     212 |  18.6 |      31 |       1 |   3.1
        D:7 |     935 |    1765 |  65.4 |      23 |       5 |  17.9
        D:8 |    2731 |    1429 |  34.4 |      21 |      56 |  72.7
        D:9 |    1370 |      21 |   1.5 |      22 |       1 |   4.3
       D:10 |    2923 |     130 |   4.3 |      21 |       1 |   4.5
       D:11 |    2816 |    2285 |  44.8 |      13 |      19 |  59.4
     Lair:1 |    1097 |       0 |   0.0 |       4 |       0 |   0.0
   Gauntlet |       0 |    2360 | 100.0 |       0 |       9 | 100.0
            +---------+---------+-------+---------+---------+-------

Levels and vault maps discovered:
D:1:      minmay_arrival_four_circles, layout_loops_ring, minivault_14,
          corexii_item_surrounded_by_moat, nicolae_ashenzari_panopticon
D:2:      layout_basic, dancing_weapons_uskayaw, first_ration,
          item_on_display_a, uniq_natasha
D:3:      layout_loops_ring, fedhas_altar_fruit_tree,
          nicolae_dithmenos_through_a_glass_darkly, minmay_mini_jars, uniq_ijyb,
          uniq_jessica
D:4:      layout_basic, serial_curves, eino_curves_03, eino_curves_01,
          uniq_pikel, uniq_blork_the_orc
D:5:      layout_basic, kb_xom_exploding_sheep
D:6:      layout_rooms, serial_shops, kennysheep_little_box, roderic_lattice_a,
          uniq_sigmund
D:7:      layout_rooms, lemuel_crystal_altar, minmay_temple_entry_proselytizer,
          uniq_joseph, uniq_menkaure, uniq_harold
D:8:      kennysheep_housing_project, layout_loops_ring,
          nicolae_ru_great_annihilating_truth, special_room [special_room_orc]
D:9:      layout_basic, lemuel_coloured_pillars_altar, bh_circular_ruins
D:10:     layout_basic, grunt_pizzeria
D:11:     layout_roguey, erik_lair_orcish_takeover, david_orc_1_choice,
          basic_altar, uniq_urug
Temple:   regret_index_temple_waves
Lair:1:   layout_chaotic_city, gauntlet_entry_generic, grunt_megastairs_4
Gauntlet: gammafunk_gauntlet_one_two_three [nicolae_gauntlet_arena_t_cross,
          gammafunk_gauntlet_arena_chambers, nicolae_gauntlet_arena_quarters,
          gammafunk_gauntlet_arena_split_diamond,
          gammafunk_gauntlet_arena_mazey, nicolae_gauntlet_arena_grate_2,
          nicolae_gauntlet_arena_x, gammafunk_gauntlet_arena_crates,
          gammafunk_gauntlet_arena_grid, nicolae_gauntlet_exit_dead_adventurers]

Table legend:
 A = Turns spent in this place as a percentage of turns spent in the entire game.
 B = Non-inter-level travel turns spent in this place as a percentage of non-inter-level travel turns spent in the entire game.
 C = Inter-level travel turns spent in this place as a percentage of turns spent in this place.
 D = Turns resting spent in this place as a percentage of non-inter-level travel turns spent in this place.
 E = Turns spent auto-exploring this place as a percentage of non-inter-level travel turns spent in this place.
 F = Non-inter-level travel turns spent in this place divided by the number of levels of this place that you've seen.
                   A       B       C       D       E      F
               +-------+-------+-------+-------+-------+----------------------
         Total | 100.0 | 100.0 |   5.6 |  41.0 |  36.0 | 1188.2
       Dungeon |  95.4 |  95.3 |   5.8 |  41.7 |  36.1 | 1440.5
        Temple |   0.2 |   0.1 |  37.8 |   0.0 |  73.9 |  23.0
          Lair |   1.1 |   1.2 |   0.5 |   7.0 |  59.8 | 199.0
      Gauntlet |   3.2 |   3.4 |   0.0 |  37.2 |  22.2 | 567.0
               +-------+-------+-------+-------+-------+----------------------

Table legend:
 A = Kills in this place as a percentage of kills in entire the game.
 B = Kills by you in this place as a percentage of kills by you in the entire game.
 C = Kills by friends in this place as a percentage of kills by friends in the entire game.
 D = Other kills in this place as a percentage of other kills in the entire game.
 E = Experience gained in this place as a percentage of experience gained in the entire game.
 F = Experience gained in this place divided by the number of levels of this place that you have seen.
                   A       B       C       D       E      F
               +-------+-------+-------+-------+-------+----------------------
         Total | 100.0 | 100.0 |   N/A |   N/A | 100.0 | 1652.4
       Dungeon |  96.5 |  96.5 |   N/A |   N/A |  85.1 | 1788.8
          Lair |   1.1 |   1.1 |   N/A |   N/A |   4.7 | 1097.0
      Gauntlet |   2.4 |   2.4 |   N/A |   N/A |  10.2 | 2360.0
               +-------+-------+-------+-------+-------+----------------------
